Map: King Sejong Station LE

Players

Gracz - Winner!

  • Race: Protoss Protoss
  • League: Silver

qwnick

  • Race: Protoss Protoss
  • League: Silver

VOD

Have the link to the VOD?

Description

Time

  • Played on: Oct. 2, 2016, 8 a.m.
  • Length: 4:12
Show
View Real Time Build Order
Export as new Build Order

Gracz Protoss - Winner!

Build Orders:  

Get SALT Encoding   

  12  0:02  Probe (Chrono Boost)  
  13  0:16  Probe (Chrono Boost)  
  14  0:21  Pylon  
  14  0:27  Probe (Chrono Boost)  
  15  0:38  Assimilator  
  15  0:40  Probe (Chrono Boost)  
  16  0:49  Pylon  
  16  0:50  Probe (Chrono Boost)  
  17  1:27  Probe (Chrono Boost)  
  18  1:34  Gateway  
  18  1:35  Gateway  
  18  1:37  Gateway  
  18  1:41  Gateway  
  18  1:46  Gateway  
  18  1:50  Probe (Chrono Boost)  
  19  2:01  Probe (Chrono Boost)  
  20  2:09  Pylon  
  20  2:14  Probe (Chrono Boost)  
  21  2:18  Assimilator  
  21  2:20  Zealot  
  21  2:26  Probe (Chrono Boost)  
  24  2:35  Cybernetics Core  
  24  3:12  Stalker  
  24  3:16  Stalker x4  
  38  4:03  Pylon  
Show
View Real Time Build Order
Export as new Build Order

qwnick Protoss 

Build Orders: Cannon Rush 

Get SALT Encoding   

  12  0:01  Probe (Chrono Boost)  
  13  0:11  Probe (Chrono Boost)  
  14  0:20  Pylon  
  14  0:32  Probe (Chrono Boost)  
  15  0:40  Forge  
  15  0:55  Gateway  
  15  0:56  Probe (Chrono Boost)  
  16  1:05  Pylon  
  16  1:25  Photon Cannon  
  16  1:28  Photon Cannon  
  16  1:33  Photon Cannon  
  16  2:05  Nexus  
  16  2:17  Cybernetics Core  
  16  2:21  Assimilator  
  16  3:04  Assimilator  
  17  3:05  Probe (Chrono Boost)  
  17  3:09  Zealot  
  18  3:16  Probe (Chrono Boost)  
  19  3:26  Probe (Chrono Boost)  
  20  3:28  Pylon  
  20  3:36  Zealot  
  20  3:37  Probe (Chrono Boost)  
  23  3:48  Pylon  
  23  3:49  Pylon  
  23  3:55  Probe (Chrono Boost)  
Tags
 
Add a new tag
Caveats
  • Supply blocks, unpowered buildings, or Contaminate may cause inaccurate times.
  • Supply counts are checked every 10 seconds.